 Dungeon Crawl Stone Soup version 0.32-a0-42-ga30500b4d3 (webtiles) character file.

Game seed: 6097515649495995408

48437 UltrafastDeath the Devastator (level 14, 0/87 HPs)
             Began as a Gargoyle Earth Elementalist on Jan 28, 2024.
             Was a High Priest of Vehumet.
             Slain by a two-headed ogre
             ... wielding a +0 giant spiked club
              (2 damage)
             ... while paralysed by an ogre mage
             ... on level 2 of the Orcish Mines.
             The game lasted 00:45:11 (23364 turns).

UltrafastDeath the Devastator (GrEE)               Turns: 23364, Time: 00:45:12

Health: 0/87       AC: 21    Str: 13    XL:     14   Next: 46%
Magic:  29/29      EV:  2    Int: 20    God:    Vehumet [*****.]
Gold:   1373       SH:  0    Dex: 10    Spells: 15/36 levels left

rFire   . . .        X - staff of conjuration
rCold   + . .        (no shield)
rNeg    + . .        A - +1 steam dragon scales
rPois   ∞            o - +1 helmet
rElec   +            R - +0 cloak
rCorr   .            b - +0 pair of gloves
SInv    .            (no boots)
Will    +....        H - amulet of magic regeneration
Stlth   ++           T - +5 ring of evasion
HPRegen 0.34/turn    e - ring of protection from cold
MPRegen 0.61/turn

%: no passive effects
@: paralysed, flying
A: sickness immunity, AC +10, big wings, negative energy resistance 1,
electricity resistance, torment resistance 1, petrification resistance
a: Renounce Religion


You were on level 2 of the Orcish Mines.
You worshipped Vehumet.
Vehumet was extremely pleased with you.
You visited 4 branches of the dungeon, and saw 20 of its levels.
You also visited: Ice Cave.

You collected 1457 gold pieces.
You spent 84 gold pieces at shops.

Inventory:

Missiles
 q - 23 poisoned darts
 u - a throwing net
 W - 3 curare-tipped darts
Armour
 b - a +0 pair of gloves (worn)
 o - a +1 helmet (worn)
 A - +1 steam dragon scales (worn)
 B - a +0 kite shield of cold resistance
 R - a +0 cloak (worn)
Magical Staves
 X - a staff of conjuration (weapon)
Jewellery
 e - a ring of protection from cold (right hand)
 j - a ring of see invisible
 l - an amulet of the acrobat
 y - a +6 ring of dexterity
 z - a ring of positive energy
 C - a ring of protection from fire
 H - an amulet of magic regeneration (around neck)
 T - a +5 ring of evasion (left hand)
 Y - the ring "Qeizuw" {rPois rF+ Str+6 Int-3 Dex+4}
   (You found it in an ice cave)

   [ring of protection from fire]

   Str+6:     It affects your strength (+6).
   Int-3:     It affects your intelligence (-3).
   Dex+4:     It affects your dexterity (+4).
   rF+:       It protects you from fire.
   rPois:     It protects you from poison
 Z - an amulet of regeneration
Wands
 s - a wand of iceblast (6)
 t - a wand of flame (40)
 J - a wand of mindburst (3)
 K - a wand of light (10)
 O - a wand of polymorph (10)
Scrolls
 c - 4 scrolls of identify
 f - 2 scrolls of enchant weapon
 g - 2 scrolls of poison
 i - 3 scrolls of vulnerability
 k - a scroll of silence
 p - a scroll of amnesia
 v - 6 scrolls of teleportation
 w - 2 scrolls of revelation
 I - 2 scrolls of fog
 L - a scroll of blinking
 V - a scroll of immolation
Potions
 a - a potion of heal wounds
 d - 2 potions of resistance
 h - a potion of enlightenment
 m - 7 potions of curing
 n - 2 potions of mutation
 r - 3 potions of brilliance
 x - 2 potions of attraction
 E - a potion of ambrosia
 M - 3 potions of magic
 N - a potion of invisibility
 P - a potion of might
 U - a potion of haste
Miscellaneous
 Q - a phantom mirror
 S - a lightning rod (4/4)


   Skills:
 + Level 9.7 Fighting
 - Level 4.0 Armour
 - Level 1.6 Dodging
 - Level 3.0 Stealth
 + Level 11.9 Spellcasting
 * Level 16.0 Conjurations
 + Level 7.1 Fire Magic
 - Level 3.8 Air Magic
 - Level 10.0 Earth Magic
 - Level 4.0 Evocations


You had 15 spell levels left.
You knew the following spells:

 Your Spells              Type           Power      Damage    Failure   Level
a - Flame Wave            Conj/Fire      72%        2d16      1%          4
b - Passwall              Erth           51%        N/A       1%          3
c - Stone Arrow           Conj/Erth      100%       3d13      1%          3
d - Brom's Barrelling Bo  Conj/Erth      77%        2d9       1%          4
e - Sandblast             Erth           100%       2d20      1%          1
f - Bombard               Conj/Erth      38%        9d7       1%          6

Your spell library contained the following spells:

 Spells                   Type           Power      Damage    Failure   Level
 Magic Dart               Conj           100%       1d8       0%          1
 Searing Ray              Conj           100%       2d8       0%          2
 Kiss of Death            Conj/Necr      100%       2d13      1%          1
 Sting                    Conj/Alch      100%       1d9       1%          1
 Momentum Strike          Conj/Tloc      100%       3d10      1%          2
 Fulminant Prism          Conj/Alch      30%        3d16      1%          4
 Apportation              Tloc           22%        N/A       6%          1
 Necrotise                Necr           44%        1d6       6%          1
 Summon Small Mammal      Summ           44%        N/A       6%          1
 Petrify                  Alch/Erth      31%        N/A       8%          4
 Blink                    Tloc           22%        N/A       9%          2
 Lesser Beckoning         Tloc           22%        N/A       9%          2
 Summon Blazeheart Golem  Fire/Summ      26%        N/A       13%         4
 Olgreb's Toxic Radiance  Alch           11%        N/A       16%         4
 Call Canine Familiar     Summ           11%        N/A       17%         3
 Confusing Touch          Hex            11%        N/A       17%         3
 Dispel Undead            Necr           11%        3d9       50%         4
 Ozocubu's Refrigeration  Ice            5%         4d8       100%        7
 Discord                  Hex            5%         N/A       100%        8


Dungeon Overview and Level Annotations

Branches:
Dungeon (12/15)            Temple (1/1) D:5            Lair (5/5) D:11
 Shoals (0/4) Lair:3        Snake (0/4) Lair:2        Slime (0/5) Lair:4
    Orc (2/2) D:11            Elf (0/3) Orc:2         IceCv (visited)

Altars:
Ashenzari
Cheibriados
Dithmenos
Elyvilon
Fedhas
Gozag
Hepliaklqana
Kikubaaqudgha
Makhleb
Nemelex Xobeh
Okawaru
Qazlal
Ru
Sif Muna
Trog
Uskayaw
Vehumet
Wu Jian
Xom
Yredelemnul
Zin
The Shining One
Jiyva

Shops:
D:8 :([   D:12 **   Orc:2 :*

Portals:
Abyss: Lair:1

Annotations:
D:5 2 transporters, Takeo's ghost, novice DEEE
D:8 1 runed translucent door, bmj180's ghost, novice HuCj
D:12 3 runed translucent doors, Mll's ghost, journeyman GrBe
Lair:1 2 transporters, wooly's ghost, novice FeBe
Lair:4 3 runed translucent doors, Citaecs's ghost, journeyman AtMo


Innate Abilities, Weirdness & Mutations

You are immune to sickness and miasma.
Your stone body is resilient. (AC +10)
You are immune to poison.
Your large and strong wings let you fly.
You resist negative energy. (rN+)
You are resistant to electric shocks. (rElec)
You are resistant to unholy torment.
You are immune to petrification.


Message History

Okay, then.
Unknown command.
Unknown command.
Unknown command.
Unknown command.
As you read the scroll of teleportation, it crumbles to dust.
You feel strangely unstable.
You feel better.
You feel better.
Your surroundings suddenly seem different.
A two-headed ogre, an ogre mage and 4 ogres come into view.
Found Reynuo's Book Shoppe and Kirrodutz's Assorted Antiques.
The white imp shouts!
The ogre mage shouts!
You hear a shout!
The sixfirhy hits you but does no damage.
The ogre mage points at you and mumbles some strange words.
You suddenly lose the ability to move!
An ogre comes into view. It is wielding a +0 giant club.
The white imp barely misses you.
The two-headed ogre hits you but does no damage.
The two-headed ogre hits you with a +0 giant club!
The ogre mage casts a spell.
The ogre mage flickers and vanishes!
Deactivating autopickup; reactivate with Ctrl-A.
The ogre hits you with a +0 giant spiked club!
* * * LOW HITPOINT WARNING * * *
The white imp hits you.
* * * LOW HITPOINT WARNING * * *
The white imp freezes you. You resist.
* * * LOW HITPOINT WARNING * * *
Something hits you but does no damage.
The orc sorcerer casts a spell.
The sixfirhy hits you but does no damage.
The sixfirhy hits you but does no damage. x3
The white imp hits you but does no damage.
The ogre hits you with a +0 giant club!
* * * LOW HITPOINT WARNING * * *
The two-headed ogre hits you with a +0 giant spiked club.
* * * LOW HITPOINT WARNING * * *
The two-headed ogre hits you with a +0 giant club.
You die...

####....##*,,***,,,,***,,*
##.#).....#*..#*,,,,,,**,,*
#...#.#...#*..#*,,,,,,**,,*
##..))...###..#,,,,,,,,*,,*
#...O...O##...#,,,,,,,,*,,*
##..$...O.O...#,,,,,,,,*,,*
##....5.{OO..#,,,.,,,,*,,*
####....O.OOO5O.#.O..,,,,*,,*
##.......O.5O3@OO....∩∩,,,,,,*
##.....3...35oOOOO....∩∩,,,,,,*
#......#...O...OO.#....,,,,*,,*
##.^...............#,...,,,,*,,*
#...$....<....#....#,,,.,,,,*,,*
...................#,,,,,,,,*,,*
..............#....#,,,,,,,,*,,*
.#........#..,.....#*,,,,,,**,,*
#.#........*,,,,,,,**,,,,,,**,,*


You could see 7 two-headed ogres, 2 ogre magi, a sixfirhy (summoned), a neqoxec
(summoned), an orc sorcerer, 14 ogres and 4 white imps.

Vanquished Creatures
  A white draconian (IceCv)
  Josephine (D:12)
  A hydra (Lair:4)
  A boulder beetle (D:9)
  7 two-headed ogres
  A death yak (Lair:2)
  Sonja (Lair:4)
  Nergalle (Lair:2)
  2 harpies (Lair:3)
  An ugly thing (D:12)
  3 kobold blastminers (Orc:2)
  4 black mambas
  2 ice statues (IceCv)
  13 elephants
  2 torpor snails
  4 cane toads
  7 rime drakes
  3 komodo dragons
  Jeremiah (D:6)
  6 unseen horrors
  4 trolls
  Grinder (D:5)
  2 polar bears
  12 blink frogs
  A hornet (Lair:3)
  3 dream sheep (Lair:1)
  12 slime creatures
  A spriggan (Lair:2)
  A vampire (D:11)
  Sigmund (D:6)
  3 wyverns
  6 wraiths
  2 shadows
  Eustachio (D:6)
  5 basilisks
  38 yaks
  A warg (Orc:1)
  6 vampire mosquitoes
  2 steam dragons (D:7)
  12 water moccasins
  2 ice beasts
  3 sky beasts (D:7)
  5 black bears
  9 orc warriors
  7 ogres (Orc:2)
  9 wolves
  3 phantoms
  8 centaurs
  A kobold brigand (D:9)
  9 bullfrogs
  8 scorpions
  15 wights
  A lindwurm simulacrum (IceCv)
  A vampire bat (D:8)
  4 crimson imps (D:11)
  7 komodo dragon simulacra (IceCv)
  12 orc priests
  4 hounds
  A gnoll bouda (D:7)
  4 jellies
  2 iguanas
  A sleepcap (D:6)
  Ijyb (D:5)
  16 orc wizards
  12 adders
  9 gnolls
  4 acid dragon simulacra (IceCv)
  15 white imps
  4 ufetubi
  9 steam dragon simulacra (IceCv)
  2 ribbon worms (D:4)
  A dart slug (D:3)
  72 orcs
  19 bats
  3 endoplasms
  A giant cockroach (D:1)
  4 goblins
  6 hobgoblins
  10 jackals
  5 quokkas
  8 ball pythons
  3 frilled lizards
  12 kobolds
  9 rats
517 creatures vanquished.

Vanquished Creatures (collateral kills)
  An ugly thing (D:11)
  A cyclops (D:11)
  An orc (D:11)
  5 boulders
8 creatures vanquished.

Vanquished Creatures (others)
  A boulder (D:10)
1 creature vanquished.

Grand Total: 526 creatures vanquished

Notes
Turn   | Place    | Note
-------+----------+-------------------------------------------
     0 | D:1      | UltrafastDeath the Gargoyle Earth Elementalist began the
                  | quest for the Orb.
     0 | D:1      | Reached XP level 1. HP: 10/10 MP: 3/3
   178 | D:1      | Reached XP level 2. HP: 15/15 MP: 3/5
   929 | D:1      | Reached XP level 3. HP: 20/20 MP: 4/6
  1291 | D:2      | Reached skill level 1 in Fighting
  1348 | D:2      | Learned a level 3 spell: Passwall
  1629 | D:2      | Reached XP level 4. HP: 25/25 MP: 3/7
  1792 | D:2      | Learned a level 3 spell: Stone Arrow
  2139 | D:3      | Reached skill level 2 in Conjurations
  2407 | D:3      | Found a glowing golden altar of the Shining One.
  2878 | D:3      | Reached skill level 5 in Earth Magic
  2878 | D:3      | Reached XP level 5. HP: 22/29 MP: 6/9
  3498 | D:5      | Entered Level 5 of the Dungeon
  3821 | D:4      | Reached XP level 6. HP: 19/35 MP: 4/10
  4082 | D:4      | Identified the blade talisman of the Orcish Mines {Dex+3}
  4149 | D:4      | Reached skill level 3 in Conjurations
  4472 | D:4      | Reached XP level 7. HP: 39/40 MP: 3/12
  4841 | D:5      | Noticed Ijyb
  4843 | D:5      | Killed Ijyb
  4943 | D:5      | Found a transporter.
  4960 | D:5      | Noticed a hornet
  4960 | D:5      | Noticed Takeo's ghost (novice DEEE)
  5009 | D:5      | Found a transporter.
  5320 | D:5      | Found a staircase to the Ecumenical Temple.
  5341 | Temple   | Entered the Ecumenical Temple
  5417 | D:5      | Reached skill level 4 in Conjurations
  6071 | D:6      | Reached XP level 8. HP: 28/44 MP: 10/14
  6115 | D:6      | Noticed Eustachio
  6139 | D:6      | Killed Eustachio
  6140 | D:6      | Reached skill level 5 in Conjurations
  6248 | D:6      | Reached skill level 5 in Spellcasting
  6375 | D:6      | Noticed Sigmund
  6380 | D:6      | Noticed Grinder
  6385 | D:6      | Killed Sigmund
  6386 | D:6      | Reached skill level 6 in Conjurations
  6398 | D:6      | Paralysed by Grinder for 4 turns
  6407 | D:5      | Paralysed by Grinder for 3 turns
  6410 | D:5      | Killed Grinder
  6706 | D:6      | Reached XP level 9. HP: 48/48 MP: 16/18
  6762 | D:6      | Learned a level 4 spell: Brom's Barrelling Boulder
  6800 | D:6      | Reached skill level 1 in Armour
  6800 | D:6      | Reached skill level 7 in Conjurations
  6891 | D:6      | Noticed Jeremiah
  6945 | D:6      | Killed Jeremiah
  7772 | D:7      | Reached skill level 8 in Conjurations
  8015 | D:7      | Reached XP level 10. HP: 32/53 MP: 8/21
  8017 | D:7      | Reached skill level 9 in Conjurations
  8976 | D:8      | Found Gaiw's Armour Shoppe.
  9057 | D:8      | Noticed bmj180's ghost (novice HuCj)
  9163 | D:8      | Found a runed translucent door.
  9288 | D:8      | Found Botim's Weapon Emporium.
  9316 | D:8      | Found Sabbism's Book Emporium.
 10062 | D:9      | Reached skill level 10 in Conjurations
 10385 | D:9      | Noticed a boulder beetle
 10403 | D:9      | Killed a boulder beetle
 10633 | D:9      | Found a bloodstained altar of Trog.
 10634 | D:9      | Found a snail-covered altar of Cheibriados.
 10634 | D:9      | Found a shimmering altar of Xom.
 10654 | D:9      | Found a radiant altar of Vehumet.
 10731 | D:9      | Became a worshipper of Vehumet
 10795 | D:10     | Entered Level 10 of the Dungeon
 10872 | D:10     | Noticed an unseen horror
 10877 | D:10     | Killed an unseen horror
 10925 | D:10     | Found a stormy altar of Qazlal.
 10931 | D:10     | You fall into a shaft and drop 1 floor!
 10944 | D:11     | Reached skill level 5 in Fighting
 10956 | D:11     | Reached XP level 11. HP: 57/63 MP: 5/24
 11235 | D:11     | Noticed a cyclops
 11242 | D:11     | Killed a cyclops
 11243 | D:11     | Reached skill level 11 in Conjurations
 11254 | D:11     | Noticed a brown ugly thing
 11259 | D:11     | Killed a brown ugly thing
 11476 | D:11     | Reached * piety under Vehumet
 11476 | D:11     | Offered knowledge of Shock by Vehumet.
 11716 | D:11     | Reached skill level 10 in Spellcasting
 12104 | D:11     | Found a staircase to the Lair.
 12165 | D:11     | Found a staircase to the Orcish Mines.
 12582 | D:10     | Found an ornate altar of the Wu Jian Council.
 12645 | D:10     | Reached ** piety under Vehumet
 12645 | D:10     | Offered knowledge of Freeze by Vehumet.
 12782 | D:10     | Noticed a two-headed ogre
 12908 | D:10     | Killed a two-headed ogre
 12909 | D:10     | Reached skill level 12 in Conjurations
 13053 | D:10     | Found a hide-covered altar of Uskayaw.
 13445 | D:11     | Noticed a two-headed ogre
 13456 | D:11     | Killed a two-headed ogre
 13457 | D:11     | Reached skill level 1 in Fire Magic
 13632 | D:11     | Reached skill level 1 in Air Magic
 14015 | D:12     | Reached XP level 12. HP: 73/73 MP: 19/26
 14089 | D:12     | Found Erier's General Store.
 14092 | D:12     | Bought a scroll of fog for 48 gold pieces
 14159 | D:12     | Noticed Josephine
 14191 | D:12     | Killed Josephine
 14437 | D:12     | Found a runed translucent gate.
 14438 | D:12     | Found a runed translucent gate.
 14438 | D:12     | Found a runed translucent gate.
 14438 | D:12     | Noticed a war gargoyle
 14452 | D:12     | Noticed Mll's ghost (journeyman GrBe)
 14668 | D:12     | Reached skill level 13 in Conjurations
 14956 | D:12     | Offered knowledge of Scorch by Vehumet.
 15002 | D:12     | Noticed a two-headed ogre
 15598 | D:12     | Bought a potion of curing for 36 gold pieces
 15633 | D:12     | Killed a two-headed ogre
 15687 | D:12     | Found Sitzuh's Overcharged Wands.
 15969 | D:12     | Found a runed translucent gate.
 15970 | D:12     | Found a runed translucent gate.
 16005 | D:12     | Found a runed translucent gate.
 16059 | D:12     | Found Erier's General Store.
 16186 | D:12     | Found Sitzuh's Overcharged Wands.
 16499 | Lair:1   | Entered Level 1 of the Lair of Beasts
 16613 | D:11     | Reached *** piety under Vehumet
 16614 | D:11     | Reached skill level 1 in Evocations
 16967 | Lair:1   | Noticed a soul eater
 16968 | Lair:1   | Noticed an entropy weaver
 16968 | Lair:1   | an entropy weaver changed into a polar bear
 17013 | Lair:1   | Noticed wooly's ghost (novice FeBe)
 17218 | Lair:1   | Reached skill level 14 in Conjurations
 17319 | Lair:1   | Reached XP level 13. HP: 78/78 MP: 23/27
 17404 | Lair:1   | Found a one-way gate to the infinite horrors of the Abyss.
 17417 | Lair:1   | Found a transporter.
 17617 | Lair:1   | Found a transporter.
 17849 | Lair:1   | Reached skill level 5 in Fire Magic
 17861 | Lair:1   | Offered knowledge of Sticky Flame by Vehumet.
 18215 | Lair:2   | Found a staircase to the Snake Pit.
 18949 | Lair:2   | Noticed Nergalle
 18984 | Lair:2   | Killed Nergalle
 18984 | Lair:2   | Reached **** piety under Vehumet
 19574 | Lair:3   | Offered knowledge of Volatile Blastmotes by Vehumet.
 20070 | Lair:3   | Found a staircase to the Shoals.
 20231 | Lair:3   | Reached skill level 15 in Conjurations
 21213 | Lair:4   | Noticed Sonja
 21325 | Lair:4   | Killed Sonja
 21325 | Lair:4   | Reached ***** piety under Vehumet
 21325 | Lair:4   | Offered knowledge of Flame Wave by Vehumet.
 21326 | Lair:4   | Gained mutation: Your large and strong wings let you fly.
                  | [Gargoyle growth]
 21326 | Lair:4   | Reached XP level 14. HP: 86/86 MP: 16/29
 21359 | Lair:4   | Learned a level 4 spell: Flame Wave
 21365 | Lair:4   | Found a staircase to the Slime Pits.
 21365 | Lair:4   | Found a viscous altar of Jiyva.
 21828 | Lair:4   | Found a runed translucent gate.
 21829 | Lair:4   | Found a runed translucent gate.
 21830 | Lair:4   | Found a runed translucent gate.
 21831 | Lair:4   | Noticed Citaecs's ghost (journeyman AtMo)
 21872 | Lair:5   | Entered Level 5 of the Lair of Beasts
 22117 | Orc:1    | Entered Level 1 of the Orcish Mines
 22195 | Orc:2    | Entered Level 2 of the Orcish Mines
 22195 | Orc:2    | Found a staircase to the Elven Halls.
 22584 | Orc:2    | Found a frozen archway.
 22611 | IceCv    | Entered an ice cave
 22721 | IceCv    | Reached skill level 10 in Earth Magic
 22942 | IceCv    | Noticed a white draconian
 23099 | IceCv    | Killed a white draconian
 23100 | IceCv    | Reached skill level 16 in Conjurations
 23100 | IceCv    | Offered knowledge of Bombard by Vehumet.
 23112 | IceCv    | Learned a level 6 spell: Bombard
 23153 | IceCv    | Identified the ring "Qeizuw" {rPois rF+ Str+6 Int-3 Dex+4}
 23355 | Orc:2    | Paralysed by an ogre mage for 2 turns
 23361 | Orc:2    | Found Reynuo's Book Shoppe.
 23361 | Orc:2    | Found Kirrodutz's Assorted Antiques.
 23361 | Orc:2    | Paralysed by an ogre mage for 4 turns
 23364 | Orc:2    | HP: 4/87 [ogre/+0 giant club (11)]
 23364 | Orc:2    | Slain by a two-headed ogre

Illustrated notes

Levels and vault maps discovered:
D:1:      wander_arrival_fairy_ring, layout_loops_corners
D:2:      layout_basic
D:3:      layout_basic, lemuel_round_altar
D:4:      layout_basic
D:5:      layout_loops_ring, minmay_temple_entry_waves, gammafunk_ghost_hive,
          uniq_ijyb
D:6:      layout_cave_pools, dreamdust_gnoll_farm, uniq_grinder, uniq_jeremiah,
          uniq_sigmund, uniq_eustachio
D:7:      layout_basic
D:8:      layout_loops_ring, serial_shops, shop_fountains, shop,
          nicolae_shop_real_fake_doors, hellmonk_ghost_happy_afterlife,
          roderic_batcave
D:9:      layout_cave_pools, nicolae_overflow_quartered_altars,
          wad_floor_pattern_1, kennysheep_generic_room_10
D:10:     layout_loops_ring, nzn_wu_jian_council_hall,
          mainiacjoe_overflow_large_starburst
D:11:     old_forge, layout_irregular_city, lair_entry_dummy, hiddenorc2_lemuel,
          minmay_fire_ice_demons
D:12:     layout_gridville, gammafunk_ghost_split, serial_shops,
          nicolae_shop_behind_doors, nicolae_shop_overcharged_wands,
          uniq_josephine
Temple:   compressed_dpeg_circular_temple
Lair:1:   layout_gridlike, gammafunk_ghost_abyssal_escape, fungi_pond_lemuel
Lair:2:   layout_cave_pods, dummy_snake_entry, forest_entry_grove,
          grunt_megastairs_3, uniq_nergalle
Lair:3:   layout_regular_city, nicolae_shoals_entry_roost,
          chequers_serial_rivers_room_a
Lair:4:   layout_regular_city, slime_entry_1, gammafunk_ghost_necromancy,
          grunt_megastairs_1, infiniplex_staircase_pool_2, uniq_sonja
Lair:5:   gammafunk_lair_ancient_temple, layout_loops_ring,
          chequers_serial_rivers_micro_d, grunt_forest_large_clearing_hut
Orc:1:    layout_caves, serial_shops, nicolae_shop_just_a_little_nook
Orc:2:    st_orc_ogre_mass, layout_caves, portal_ice_cave_entry_imps,
          basic_altar

Skill      XL: |  1  2  3  4  5  6  7  8  9 10 11 12 13 14 |
---------------+-------------------------------------------+-----
Earth Magic    | 4 5 6 8 9 10 | 10.0
Fighting       | 1 2 5 8 9 |  9.7
Conjurations   | 2 3 4 6 8 10 12 14 15 16 | 16.0
Stealth        | 3 |  3.0
Spellcasting   | 3 4 6 7 9 10 11 | 11.9
Armour         | 4 |  4.0
Fire Magic     | 1 4 6 7 |  7.1
Air Magic      | 1 3 |  3.8
Evocations     | 2 4 |  4.0
Dodging        | |  1.6

Action                     |  1- 3 |  4- 6 |  7- 9 | 10-12 | 13-15 || total
---------------------------+-------+-------+-------+-------+-------++-------
  Melee: Dagger            |   101 |    16 |     2 |     3 |       ||   122
         Short sword       |       |       |       |    84 |    47 ||   131
         Punch             |       |       |       |     3 |       ||     3
         Staff             |       |       |       |       |     1 ||     1
  Throw: Dart              |       |       |       |     7 |     3 ||    10
   Cast: Sandblast         |    44 |    75 |    32 |   158 |    37 ||   346
         Stone Arrow       |       |     5 |    79 |   264 |   275 ||   623
         Brom's Barrelling |       |       |       |     2 |     8 ||    10
         Flame Wave        |       |       |       |       |    19 ||    19
  Evoke: Wand              |       |       |       |       |     1 ||     1
    Use: Scroll            |       |     8 |     3 |    12 |     9 ||    32
         Potion            |       |       |     1 |     3 |     3 ||     7
   Stab: Sleeping          |     1 |     1 |       |     1 |     1 ||     4
 Armour: Robe              |    56 |    40 |    43 |       |       ||   139
         Leather armour    |       |       |    23 |     1 |       ||    24
         Steam dragon scal |       |       |       |   198 |   219 ||   417
         Skin              |       |       |       |    22 |       ||    22
  Dodge: Dodged            |   104 |    55 |    53 |   200 |   199 ||   611

Table legend: (Time is in decaauts)
 A = Elapsed time spent in this place.
 B = Non-inter-level travel time spent in this place.
 C = Inter-level travel time spent in this place.
 D = Time resting spent in this place.
 E = Time spent auto-exploring this place.
 F = Levels seen in this place.
 G = Mean time per level.
                   A        B        C        D        E       F      G
               +--------+--------+--------+--------+--------+-----+--------+
         Total |  23589 |  22738 |    851 |   7273 |   9459 |  21 | 1123.3 |
       Dungeon |  16964 |  16360 |    604 |   5518 |   6700 |  12 | 1413.7 |
        Temple |     61 |     61 |      0 |      0 |      0 |   1 |   61.0 |
          Lair |   5315 |   5069 |    246 |   1164 |   2560 |   5 | 1063.0 |
  Orcish Mines |    505 |    505 |      0 |    270 |     67 |   2 |  252.5 |
      Ice Cave |    743 |    743 |      0 |    321 |    132 |   1 |  743.0 |
               +--------+--------+--------+--------+--------+-----+--------+

Top non-repeatable levels by time:
    D:11: 2593 daAuts
    D:12: 2458 daAuts
     D:4: 1665 daAuts
     D:5: 1441 daAuts
  Lair:1: 1411 daAuts
  Lair:2: 1384 daAuts
  Lair:3: 1331 daAuts
     D:7: 1295 daAuts
     D:8: 1210 daAuts
     D:1: 1140 daAuts
  Lair:4: 1128 daAuts
    D:10: 1075 daAuts
     D:9: 1052 daAuts
     D:6: 1036 daAuts
     D:3: 1034 daAuts
